Map: Romantyzm ER

Players

SanguisAter - Winner!

  • Race: Protoss Protoss
  • League: Platinum
  • Spawn Location: 11:00

Cheval

  • Race: Terran Terran
  • League: Platinum
  • Spawn Location: 5:00

VOD

Have the link to the VOD?

Description

Time

  • Played on: Oct. 7, 2020, 11:02 a.m.
  • Length: 13:25
Show
View Real Time Build Order
Export as new Build Order

SanguisAter Protoss - Winner!

Build Orders: 1 Gate Expand 

Get SALT Encoding   

  12  0:00  Probe  
  13  0:13  Probe  
  14  0:19  Pylon  
  14  0:25  Probe  
  15  0:37  Probe (Chrono Boost)  
  15  0:41  Gateway  
  16  0:49  Assimilator  
  16  0:51  Probe (Chrono Boost)  
  17  0:59  Probe (Chrono Boost)  
  18  1:05  Probe  
  19  1:18  Probe  
  20  1:30  Nexus  
  20  1:31  Probe  
  21  1:43  Probe  
  22  1:57  Cybernetics Core  
  22  2:00  Probe  
  23  2:03  Assimilator  
  23  2:06  Pylon  
  23  2:24  Probe  
  23  2:26  Stalker  
  24  2:33  Warp Gate (Chrono Boost)  
  24  2:36  Probe  
  27  2:44  Cybernetics Core  
  27  2:48  Probe  
  28  2:54  Probe  
  28  3:00  Probe  
  29  3:07  Probe  
  29  3:09  Gateway x2  
  29  3:12  Probe  
  31  3:14  Stalker  
  31  3:19  Probe  
  34  3:24  Probe  
  34  3:25  Robotics Facility  
  35  3:40  Probe x2  
  37  3:52  Probe x2  
  39  4:04  Probe x2  
  39  4:08  Pylon  
  41  4:15  Observer, Stalker x2  
  46  4:21  Pylon  
  46  4:26  Probe x2  
  48  4:33  Forge  
  48  4:38  Robotics Bay, Probe x2  
  48  4:41  Pylon  
  48  4:43  Stalker x2  
  54  4:46  Immortal  
  58  4:52  Stalker  
  58  4:53  Probe  
  58  4:54  Probe  
  58  4:58  Assimilator  
  58  4:59  Assimilator  
  62  5:06  Pylon  
  62  5:07  Protoss Ground Weapons Level 1 (Chrono Boost), Pylon  
  62  5:09  Probe x2  
  64  5:20  Stalker x3  
  60  6:05  Stalker x3  
  60  6:06  Probe  
  60  6:07  Probe  
  60  6:09  Colossus (Chrono Boost)  
  68  6:17  Extended Thermal Lance  
  74  6:21  Photon Cannon  
  74  6:23  Photon Cannon  
  74  6:29  Photon Cannon  
  74  6:32  Photon Cannon  
  74  6:34  Gateway  
  74  6:36  Gateway  
  74  6:43  Stalker x3  
  74  6:46  Pylon  
  80  6:58  Probe x2  
  82  7:05  Pylon  
  82  7:07  Pylon  
  82  7:10  Probe x2  
  84  7:22  Probe x2  
  86  7:24  Nexus  
  86  7:31  Pylon  
  86  7:33  Stalker x3, Pylon  
  86  7:34  Stalker x2, Probe x2  
  86  7:35  Colossus (Chrono Boost)  
  104  7:46  Probe x2, Twilight Council  
  104  7:50  Photon Cannon  
  106  8:17  Gravitic Boosters  
  107  8:20  Observer (Chrono Boost)  
  107  8:21  Stalker  
  109  8:32  Protoss Ground Weapons Level 2 (Chrono Boost)  
  111  8:34  Observer, Probe x2  
  112  8:42  Assimilator  
  112  8:44  Probe  
  112  8:46  Assimilator, Probe x2  
  109  8:52  Colossus (Chrono Boost)  
  109  8:57  Stalker x2  
  109  8:58  Stalker x3  
  119  9:06  Observer  
  119  9:13  Observer  
  119  9:35  Colossus (Chrono Boost)  
  119  9:44  Stalker x5  
  119  9:45  Charge (Chrono Boost)  
  135  9:58  Gateway  
  135  10:01  Gateway  
  135  10:03  Gateway  
  135  10:04  Gateway  
  135  10:09  Probe x2  
  137  10:29  Stalker  
  137  10:30  Stalker  
  141  10:35  Pylon  
  141  10:37  Pylon  
  141  10:38  Pylon  
  141  10:53  Colossus  
  147  11:04  Stalker x3  
  149  11:05  Stalker x5  
  149  11:06  Stalker  
  165  11:15  Pylon x2  
  165  11:17  Pylon x2  
  165  11:19  Pylon  
  165  11:21  Blink  
  164  11:41  Stalker  
  164  11:42  Stalker x7  
  164  11:44  Nexus  
  164  11:47  Assimilator, Pylon  
  178  11:50  Assimilator  
  140  12:06  Zealot  
  140  12:07  Zealot x8  
  122  12:42  Stalker x9  
  126  13:09  Zealot  
  126  13:10  Zealot x8  
Show
View Real Time Build Order
Export as new Build Order

Cheval Terran 

Build Orders: Gas First Reaper Expand 

Get SALT Encoding   

  12  0:00  SCV  
  13  0:12  SCV  
  14  0:17  Supply Depot  
  14  0:24  SCV  
  15  0:28  Refinery  
  15  0:41  Barracks  
  15  0:45  SCV  
  16  0:57  SCV  
  17  1:09  SCV  
  18  1:21  SCV  
  19  1:29  Reaper  
  20  1:36  Orbital Command  
  20  1:49  Command Center  
  20  2:02  SCV  
  21  2:11  Factory  
  21  2:14  Refinery  
  21  2:19  Barracks Reactor  
  21  2:21  SCV  
  22  2:29  Supply Depot  
  22  2:34  Barracks  
  22  2:38  SCV  
  23  2:50  SCV  
  24  3:00  Marine x2  
  24  3:01  Factory Tech Lab  
  27  3:09  Starport  
  27  3:10  SCV  
  26  3:18  Marine x2  
  28  3:28  Orbital Command  
  28  3:32  Marine  
  29  3:34  Stimpack  
  29  3:36  Marine  
  29  3:38  SCV  
  31  3:46  Starport Reactor  
  31  3:49  Marine  
  31  3:50  Marine  
  31  3:52  SCV  
  31  3:53  Marine  
  31  3:54  SCV  
  36  3:59  Factory Tech Lab  
  36  4:04  SCV  
  36  4:06  SCV  
  38  4:12  Marine x2  
  38  4:13  Supply Depot  
  38  4:14  Marine  
  38  4:16  SCV  
  42  4:18  SCV  
  42  4:23  Medivac  
  45  4:30  Marine  
  46  4:35  Marine, Medivac  
  46  4:36  Supply Depot  
  49  4:40  Marine  
  49  4:43  Siege Tank  
  53  4:48  SCV  
  54  4:56  Supply Depot  
  54  4:57  Marine  
  54  4:58  Supply Depot, SCV  
  56  5:01  Marine x2  
  56  5:04  SCV  
  59  5:10  SCV  
  59  5:11  Refinery  
  59  5:13  Combat Shield, Refinery  
  60  5:16  Marine  
  60  5:18  Siege Tank  
  60  5:19  Marine  
  65  5:28  SCV x2  
  67  5:40  Engineering Bay x2  
  67  5:42  Command Center  
  53  5:58  Marine x3  
  48  6:06  Siege Tank  
  50  6:14  Barracks x2  
  50  6:15  Barracks  
  50  6:16  Marine x3  
  53  6:20  Medivac x2  
  57  6:29  SCV x2  
  57  6:32  Terran Infantry Weapons Level 1  
  59  6:34  Marine x2  
  59  6:35  Terran Infantry Armor Level 1  
  61  6:41  SCV x2  
  63  6:53  SCV x2  
  65  6:55  Planetary Fortress, Missile Turret  
  65  6:58  Marine x2  
  67  7:02  Barracks Tech Lab  
  67  7:04  Barracks Tech Lab  
  67  7:05  Barracks Reactor  
  67  7:07  Concussive Shells  
  67  7:09  SCV  
  67  7:10  SCV  
  69  7:20  Medivac x2  
  69  7:21  SCV  
  69  7:22  SCV  
  75  7:26  Armory  
  75  7:32  Marine x2  
  75  7:33  Refinery  
  75  7:34  Marauder x2, SCV x2  
  75  7:35  Marauder  
  85  7:40  SCV  
  86  7:44  Refinery  
  86  7:46  SCV x2  
  86  7:48  Marine x2  
  90  7:51  Marine x2  
  90  7:53  SCV  
  93  8:16  Supply Depot x2  
  93  8:17  Supply Depot  
  93  8:30  Terran Infantry Weapons Level 2, Terran Infantry Armor Level 2  
  93  8:37  Marine x5  
  93  8:38  Marauder x2  
  91  8:55  Marine x5  
  96  8:57  Siege Tank  
  96  8:59  Marauder, Marine  
  102  9:03  SCV x3  
  105  9:13  Marauder  
  105  9:15  SCV x2  
  105  9:16  SCV  
  110  9:23  Marine x4  
  110  9:24  Marauder  
  116  9:27  SCV  
  117  9:32  Barracks  
  117  9:34  Command Center  
  117  9:35  Barracks  
  117  9:37  Barracks  
  117  9:42  Starport  
  117  9:43  Supply Depot  
  117  9:45  Supply Depot  
  117  10:04  Marine  
  117  10:05  Marauder x2, SCV x3  
  125  10:07  Siege Tank, Marine  
  129  10:19  Marine x4  
  133  10:30  Supply Depot  
  133  10:31  Supply Depot  
  133  10:32  Supply Depot x2  
  133  10:38  Supply Depot x2  
  133  10:39  Supply Depot x2  
  133  10:43  Barracks Tech Lab x2  
  133  10:45  Siege Tank, Marauder x3, Marine x2, Starport Reactor, Viking x2  
  148  10:51  Marine x2  
  148  10:55  Planetary Fortress  
  150  11:00  SCV x3  
  150  11:01  Missile Turret  
  153  11:07  Marauder  
  155  11:12  SCV x3  
  155  11:17  Siege Tank  
  161  11:24  SCV  
  128  12:00  Marine x2  
  105  12:01  Marine x4  
  105  12:02  Marauder  
  105  12:03  Marauder x3  
  117  12:12  SCV x3  
  117  12:15  Medivac x3  
  119  12:17  SCV  
  119  12:20  Marauder  
  116  12:23  Marauder  
  116  12:24  Marauder x3, SCV  
  107  12:37  Marine x2  
  107  12:41  Marauder  
  107  12:43  Marine x2  
  103  12:45  Marauder x3  
  103  12:46  Marauder  
  97  12:59  Marine  
  97  13:00  Marine  
  97  13:01  Marine  
  97  13:02  Marauder  
Tags
 
Add a new tag
Caveats
  • Supply blocks, unpowered buildings, or Contaminate may cause inaccurate times.
  • Supply counts are checked every 10 seconds.